 Dungeon Crawl Stone Soup version 0.31-a0-889-g1a8549509d (webtiles) character file.

Game seed: 12855830165979029816

6970 Error4North the Grappler (level 10, -2/84 HPs)
             Began as a White Draconian Shapeshifter on Oct 17, 2023.
             Was a Believer of Wu Jian.
             Slain by a death yak (24 damage)
             ... on level 9 of the Dungeon.
             The game lasted 01:08:43 (9621 turns).

Error4North the Grappler (DrSh)                     Turns: 9621, Time: 01:08:45

Health: -2/84      AC:  7    Str: 24    XL:     10   Next: 81%
Magic:  10/10      EV: 14    Int: 11    God:    Wu Jian [**....]
Gold:   514        SH:  5    Dex: 13    Spells: 7/9 levels left

rFire   . .          .
                       - Unarmed
rCold   + . .        (no shield)
rNeg    . . .        (body armour unavailable)
rPois   .            (helmet currently unavailable)
rElec   +            D - melded +2 cloak
rCorr   .            (gloves currently unavailable)
SInv    .            d - melded +1 pair of boots
Will    .....        E - amulet of Nobility {Reflect Drain Fly rElec SH+5}
Stlth   +++          B - +4 ring of slaying
HPRegen 0.34/turn    K - +6 ring of strength
MPRegen 0.12/turn

%: reflection
@: about to teleport, short of breath, beast-form, flying
A: beast (slay +3), breathe frost, AC +7, unfitting armour, cold resistance 1,
cold-blooded
a: Breathe Frost, Begin Untransformation, Renounce Religion, Wall Jump


You were on level 9 of the Dungeon.
You worshipped Wu Jian.
Wu Jian was pleased with you.
You were a hulking beast.
You visited 2 branches of the dungeon, and saw 11 of its levels.

You collected 538 gold pieces.
You spent 24 gold pieces at shops.

Inventory:

Missiles
 r - 5 silver javelins
 L - 12 poisoned darts
 N - 5 curare-tipped darts
 Q - 5 boomerangs (quivered)
Armour
 d - a +1 pair of boots (melded)
 w - a scarf of invisibility
 D - a +2 cloak (melded)
Jewellery
 j - a ring of positive energy
 p - a ring of poison resistance
 s - a ring of willpower
 B - a +4 ring of slaying (left hand)
 E - the amulet of Nobility (around neck) {Reflect Drain Fly rElec SH+5}
   (You found it on level 7 of the Dungeon)

   [amulet of reflection]

   Reflect:   It reflects blocked missile attacks.
   rElec:     It insulates you from electricity.
   Fly:       It grants you flight.
   Drain:     It drains your maximum health when unequipped.
   SH+5:      It affects your SH (+5).
 K - a +6 ring of strength (right hand)
 O - a ring of magical power
Talismans
 b - a beast talisman (active)
 c - a flux talisman
Wands
 h - a wand of quicksilver (5)
 o - a wand of mindburst (11)
 A - a wand of polymorph (11)
 I - a wand of flame (38)
 P - a wand of iceblast (1)
Scrolls
 e - 5 scrolls of identify
 g - 3 scrolls of poison
 i - a scroll of enchant armour {unknown}
 m - a scroll of summoning
 n - 5 scrolls of teleportation
 q - 2 scrolls of amnesia {unknown}
 u - 4 scrolls of noise {unknown}
 y - a scroll of torment {unknown}
 C - 2 scrolls of enchant weapon {unknown}
 G - a scroll of revelation {unknown}
 M - a scroll of blinking {unknown}
Potions
 a - a potion of magic {unknown}
 f - 4 potions of haste
 k - 2 potions of curing
 l - 3 potions of cancellation
 t - a potion of berserk rage {unknown}
 v - a potion of brilliance {unknown}
 x - a potion of resistance {unknown}
 z - 2 potions of invisibility {unknown}
 F - 2 potions of might {unknown}
 H - a potion of attraction {unknown}
 J - 2 potions of mutation {unknown}
 R - a potion of enlightenment {unknown}


   Skills:
 + Level 6.3 Fighting
 + Level 1.2 Throwing
 + Level 5.5 Dodging
 + Level 4.2 Stealth
 + Level 1.5 Shields
 + Level 11.2 Unarmed Combat
 * Level 4.6 Evocations
 * Level 6.9 Shapeshifting


You had 7 spell levels left.
You knew the following spells:

 Your Spells              Type           Power      Damage    Failure   Level
a - Blink                 Tloc           0%         N/A       47%         2

Your spell library contained the following spells:

 Spells                   Type           Power      Damage    Failure   Level
 Lesser Beckoning         Tloc           0%         N/A       47%         2
 Momentum Strike          Conj/Tloc      0%         3d8       47%         2
 Static Discharge         Conj/Air       0%         2-2/arc   47%         2
 Dazzling Flash           Conj/Hex       0%         N/A       71%         3
 Hailstorm                Conj/Ice       0%         3d3       71%         3
 Airstrike                Air            0%         2d(0-16)  98%         4
 Summon Ice Beast         Ice/Summ       0%         N/A       98%         4
 Summon Lightning Spire   Summ/Air       0%         N/A       98%         4
 Agony                    Necr           0%         N/A       100%        5
 Alistair's Intoxication  Tmut/Pois      0%         N/A       100%        5
 Borgnjor's Vile Clutch   Necr/Erth      0%         N/A       100%        5
 Silence                  Hex/Air        0%         N/A       100%        5
 Eringya's Noxious Bog    Tmut/Pois      0%         4d6       100%        6
 Simulacrum               Ice/Necr       0%         N/A       100%        6


Dungeon Overview and Level Annotations

Branches:
Dungeon (10/15)            Temple (1/1) D:5            Lair (0/5) D:9
    Orc (0/2) D:9

Altars:
Ashenzari
Cheibriados
Dithmenos
Elyvilon
Fedhas
Gozag
Hepliaklqana
Kikubaaqudgha
Makhleb
Nemelex Xobeh
Okawaru
Qazlal
Ru
Sif Muna
Trog
Uskayaw
Vehumet
Wu Jian
Xom
Yredelemnul
Zin
The Shining One

Shops:
D:10 *


Innate Abilities, Weirdness & Mutations

You are a hulking beast.
Your limbs bulge with bestial killing power. (Slay +3)
You can breathe waves of freezing cold which knock back foes.
Your icy white scales are hard. (AC +7)
You cannot fit into any form of body armour.
Your flesh is cold resistant. (rC+)
You are cold-blooded and may be slowed by cold attacks.


Message History

You hit the death yak but do no damage.
You tail-slap the death yak, but do no damage.
The death yak is severely wounded.
You spin and attack the death yak.
You hit the death yak.
The death yak is severely wounded.
You spin and attack the death yak.
You hit the death yak but do no damage.
The death yak is moderately wounded.
The death yak gores you!! The death yak gores you.
You spin and attack the death yak.
You hit the death yak. You tail-slap the death yak.
The death yak is almost dead.
You spin and attack the death yak.
You hit the death yak.
You tail-slap the death yak, but do no damage.
The death yak is moderately wounded.
The death yak gores you!
The death yak gores you but does no damage.
You spin and attack the death yak.
You punch the death yak! You tail-slap the death yak.
You kill the death yak!
The Council accepts your kill.
Your Unarmed Combat skill increases to level 11!
As you read the scroll labelled GAHAST RITI, it crumbles to dust.
You feel strangely unstable.
It was a scroll of teleportation.
The death yak gores you but does no damage.
You spin and attack the death yak repeatedly.
You punch the death yak!
The death yak is moderately wounded.
You hit the death yak. You tail-slap the death yak.
The death yak is heavily wounded.
The death yak gores you!!
* * * LOW HITPOINT WARNING * * *
The rat bites you but does no damage.
You spin and attack the rat.
You punch the rat!
You kill the rat!
The Council accepts your kill.
You spin and attack the death yak.
You barely miss the death yak. Your punch misses the death yak.
The death yak is heavily wounded.
The death yak gores you!!
You die...

######### ##########.......#
#..O.......#####.# #.#
#####..#####.# #.#
#..........#.## #.# #.#
#..###....##
#.###.###......>.Y.#########
#.........####...Y.........#####
#####...### #..h†####.........#
##.....## ###.## #.###.###.#
#.......# #.# #.# #.# #.#
#.......# ##'## #.# #.# #.#
#.......# #...# #.# #.. #.#
##.....## #[....# #.####. #.#
##...## #...............##.#
#####...####................##.#
...........+........#..#......>#


You could see 2 death yaks.

Vanquished Creatures
  A death yak (D:9)
  A troll (D:10)
  7 yaks
  A wraith (D:10)
  3 wyverns
  Menkaure (D:4)
  4 water moccasins
  2 orc warriors
  A black bear (D:5)
  2 ice beasts
  3 sky beasts
  An ogre (D:4)
  2 centaurs
  A phantom (D:5)
  2 kobold brigands
  2 bullfrogs
  A gnoll sergeant (D:9)
  6 scorpions
  21 wights
  3 killer bees (D:9)
  3 hounds
  7 jellies
  A gnoll bouda (D:7)
  2 orc priests
  Crazy Yiuf (D:7)
  Jessica (D:2)
  3 iguanas
  5 orc wizards
  16 gnolls
  6 adders
  A shadow imp (D:7)
  2 white imps
  2 ufetubi (D:6)
  3 worms (D:3)
  4 dart slugs
  20 orcs
  2 ball pythons
  11 endoplasms
  2 giant cockroaches (D:1)
  10 goblins
  8 hobgoblins
  18 kobolds
  4 quokkas
  4 bats
  5 frilled lizards
  7 rats
213 creatures vanquished.

Vanquished Creatures (collateral kills)
  Sigmund (D:2)
1 creature vanquished.

Grand Total: 214 creatures vanquished

Notes
Turn   | Place    | Note
-------+----------+-------------------------------------------
     0 | D:1      | Error4North the Draconian Shapeshifter began the quest for
                  | the Orb.
     0 | D:1      | Reached XP level 1. HP: 16/16 MP: 1/1
   210 | D:1      | Reached XP level 2. HP: 23/23 MP: 2/2
   229 | D:1      | Found a hide-covered altar of Uskayaw.
   540 | D:1      | Reached XP level 3. HP: 25/29 MP: 3/3
   887 | D:2      | Noticed Jessica
   916 | D:2      | Killed Jessica
   917 | D:2      | Reached XP level 4. HP: 36/36 MP: 4/4
  1053 | D:2      | Found a white marble altar of Elyvilon.
  1072 | D:2      | Noticed Sigmund
  1088 | D:2      | Killed Sigmund
  1089 | D:2      | Reached skill level 4 in Unarmed Combat
  1089 | D:2      | Reached XP level 5. HP: 42/42 MP: 5/5
  1117 | D:2      | Reached XP level 6. HP: 13/50 MP: 6/6
  1561 | D:3      | Reached skill level 1 in Stealth
  1561 | D:3      | Reached skill level 5 in Unarmed Combat
  2172 | D:4      | Noticed Menkaure
  2296 | D:4      | Your scales start taking on an icy white colour.
  2296 | D:4      | Reached XP level 7. HP: 57/57 MP: 7/7
  2296 | D:4      | Gained mutation: Your flesh is cold resistant. (rC+) [White
                  | Draconian growth]
  2468 | D:4      | Learned a level 2 spell: Blink
  2726 | D:4      | Killed Menkaure
  2727 | D:4      | Reached skill level 6 in Unarmed Combat
  2852 | D:5      | Entered Level 5 of the Dungeon
  2999 | D:5      | Reached XP level 8. HP: 66/67 MP: 8/8
  3153 | D:5      | Found a staircase to the Ecumenical Temple.
  3165 | Temple   | Entered the Ecumenical Temple
  3181 | Temple   | Became a worshipper of the Wu Jian Council
  3255 | D:5      | Reached skill level 7 in Unarmed Combat
  3585 | D:5      | Found a faded altar of an unknown god.
  3585 | D:5      | Found a hazy altar of Hepliaklqana.
  3586 | D:5      | Found a faded altar of an unknown god.
  3849 | D:6      | Reached skill level 1 in Evocations
  3874 | D:6      | Reached skill level 5 in Fighting
  3983 | D:6      | Reached skill level 5 in Shapeshifting
  3986 | D:6      | Reached skill level 8 in Unarmed Combat
  4339 | D:6      | Reached XP level 9. HP: 49/73 MP: 9/9
  4577 | D:6      | Found a shimmering blue altar of Sif Muna.
  5531 | D:7      | Reached * piety under Wu Jian
  5562 | D:7      | Identified the amulet of Nobility {Reflect Drain Fly rElec
                  | SH+5}
  5581 | D:7      | Reached skill level 9 in Unarmed Combat
  5903 | D:7      | Found a runed translucent door.
  5904 | D:7      | Noticed Crazy Yiuf
  5919 | D:7      | Killed Crazy Yiuf
  6033 | D:7      | Found a blossoming altar of Fedhas.
  6297 | D:8      | Reached skill level 5 in Dodging
  7359 | D:8      | Reached XP level 10. HP: 54/83 MP: 10/10
  7475 | D:9      | Found a staircase to the Orcish Mines.
  7584 | D:9      | Reached skill level 10 in Unarmed Combat
  7655 | D:9      | Reached ** piety under Wu Jian
  8187 | D:9      | Found a stormy altar of Qazlal.
  8334 | D:9      | Noticed a two-headed ogre
  8368 | D:9      | Noticed a death yak
  8368 | D:9      | Noticed a death yak
  8393 | D:9      | Noticed a death yak
  8541 | D:9      | Reached skill level 1 in Throwing
  8809 | D:10     | Entered Level 10 of the Dungeon
  9023 | D:10     | Reached skill level 1 in Shields
  9246 | D:10     | Found Ufop's CLEARANCE SALE!.
  9263 | D:10     | Bought a potion of cancellation for 24 gold pieces
  9601 | D:9      | Found a staircase to the Lair.
  9618 | D:9      | Killed a death yak
  9619 | D:9      | Reached skill level 11 in Unarmed Combat
  9621 | D:9      | Slain by a death yak

Illustrated notes

Levels and vault maps discovered:
D:1:      lightli_arrival_isolated_outpost, layout_loops_ring,
          minmay_hexomino_r4
D:2:      layout_rooms, basic_altar, minmay_misc_feat_diagonals, uniq_jessica,
          uniq_sigmund
D:3:      layout_basic, serial_curves, eino_curves_04, eino_curves_01
D:4:      layout_cave_pools, grunt_ministairs_14, columned_hall_lemuel,
          uniq_menkaure
D:5:      layout_loops_ring, nicolae_hepliaklqana_ecumenical_no_more,
          minmay_temple_entry_wispy, nicolae_twisty_statue_hallways
D:6:      layout_layer_cave, lemuel_blue_sif_altar
D:7:      layout_loops_corners, fedhas_altar_4, nicolae_sextant,
          uniq_crazy_yiuf_cottage
D:8:      layout_basic, minmay_hedge_maze, chequers_serial_rivers_room_a
D:9:      layout_loops_corners, nicolae_qazlal_general_emergency,
          dpeg_lair_monsters, david_orc_2
D:10:     layout_roguey, nicolae_shop_clearance
Temple:   eino_narrow_crystal_temple

Skill      XL: |  1  2  3  4  5  6  7  8  9 10 |
---------------+-------------------------------+-----
Dodging        | 2 3 4 5 |  5.5
Fighting       | 2 3 4 5 6 |  6.3
Unarmed Combat | 4 5 6 8 9 11 | 11.2
Shapeshifting  | 4 5 6 |  6.9
Stealth        | 1 2 3 4 |  4.2
Evocations     | 1 2 4 |  4.6
Throwing       | 1 |  1.2
Shields        | 1 |  1.5

Action                     |  1- 3 |  4- 6 |  7- 9 | 10-12 || total
---------------------------+-------+-------+-------+-------++-------
  Melee: Unarmed           |    79 |   124 |   289 |   127 ||   619
         Tailslap          |     4 |    18 |    51 |    17 ||    90
         Punch             |     2 |     3 |    11 |    12 ||    28
  Throw: Dart              |       |       |     8 |     1 ||     9
         Boomerang         |       |       |       |     7 ||     7
Ability: Begin Untransform |     1 |       |     1 |       ||     2
         Lunge             |       |       |    25 |    14 ||    39
         Breathe Frost     |       |       |     8 |     3 ||    11
         Whirlwind         |       |       |    20 |    43 ||    63
  Evoke: Wand              |       |       |       |     2 ||     2
    Use: Scroll            |     2 |     1 |       |     1 ||     4
         Potion            |       |       |     1 |     1 ||     2
   Stab: Sleeping          |       |     3 |     7 |     1 ||    11
 Armour: Skin              |    32 |    64 |   124 |    56 ||   276
  Dodge: Dodged            |    38 |    71 |   105 |    63 ||   277
  Block: Other             |       |       |     4 |    22 ||    26
         Reflection        |       |       |     2 |     2 ||     4
   Form: Beast             |     2 |     1 |     1 |       ||     4
                           |     1 |     1 |       |       ||     2

Table legend: (Time is in decaauts)
 A = Elapsed time spent in this place.
 B = Non-inter-level travel time spent in this place.
 C = Inter-level travel time spent in this place.
 D = Time resting spent in this place.
 E = Time spent auto-exploring this place.
 F = Levels seen in this place.
 G = Mean time per level.
                   A        B        C        D        E       F      G
               +--------+--------+--------+--------+--------+-----+--------+
         Total |   9564 |   9311 |    253 |    722 |   6325 |  11 |  869.5 |
       Dungeon |   9506 |   9253 |    253 |    722 |   6309 |  10 |  950.6 |
        Temple |     57 |     57 |      0 |      0 |     16 |   1 |   57.0 |
               +--------+--------+--------+--------+--------+-----+--------+

Top non-repeatable levels by time:
     D:6: 1466 daAuts
     D:9: 1378 daAuts
     D:8: 1182 daAuts
     D:7: 1069 daAuts
     D:3: 985 daAuts
     D:5: 792 daAuts
    D:10: 783 daAuts
     D:1: 743 daAuts
     D:4: 587 daAuts
     D:2: 518 daAuts
  Temple: 57 daAuts
